 Dungeon Crawl Stone Soup version 0.29.1-4-g47bece8355 (webtiles) character file.

Game seed: 17631401736440657191

1091 fantasyman the Fighter (level 8, -1/93 HPs)
             Began as an Ogre Berserker on Dec 1, 2022.
             Was a Believer of Trog.
             Slain by a fire bat (8 damage)
             ... on level 2 of the Abyss on Dec 2, 2022.
             The game lasted 00:06:32 (5144 turns).

fantasyman the Fighter (Ogre Berserker)             Turns: 5144, Time: 00:06:33

Health: -1/93      AC:  4    Str: 24      XL:     8   Next: 31%
Magic:  8/8        EV: 10    Int:  9 (10) God:    Trog [**....]
Gold:   856        SH:  0    Dex:  8      Spells: 7/7 levels left

rFire   . . .      SeeInvis .   j - +5 spear of Weruesur {vorpal, Int+2}
rCold   . . .      Faith    .   (no shield)
rNeg    . . .      Spirit   .   b - +0 animal skin
rPois   .          Reflect  .   (helmet restricted)
rElec   .          Harm     .   u - +0 cloak
rCorr   .          Rampage  .   (gloves unavailable)
Will    ++...                   (boots unavailable)
Stlth   +.........              (no amulet)
HPRegen 1.25/turn               (no ring)
MPRegen 0.11/turn               (no ring)

@: brilliant, about to teleport, strong-willed (expiring), regenerating
(expiring)
A: large, unfitting armour, tough skin 1, mutation resistance 1
a: Renounce Religion, Berserk, Trog's Hand


You were on level 2 of the Abyss.
You worshipped Trog.
Trog was pleased with you.
You visited 1 branch of the dungeon, and saw 5 of its levels.
You visited the Abyss 1 time.

You collected 988 gold pieces.
You spent 132 gold pieces at shops.

Inventory:

Hand Weapons
 a - a +1 mace
 j - the +5 spear of Weruesur (weapon) {vorpal, Int+2}
   (You found it on level 2 of the Dungeon)

   It inflicts extra damage upon your enemies.
   Int:       It affects your intelligence (+2).
Missiles
 c - a throwing net (quivered)
Armour
 b - a +0 animal skin (worn)
 u - a +0 cloak (worn)
Jewellery
 i - a ring of ice
Wands
 k - a wand of polymorph (4)
Potions
 d - a potion of flight
 e - 2 potions of degeneration
 f - a potion of curing
 h - a potion of attraction
 m - a potion of experience {unknown}
 p - a potion of magic {unknown}
 s - 3 potions of might
 t - a potion of lignification {unknown}


   Skills:
 * Level 10.0 Fighting
 - Level 3.4 Maces & Flails
 - Level 3.0 Polearms
 * Level 3.6 Armour
 - Level 3.1 Dodging


You had 7 spell levels left.
You didn't know any spells.
Your spell library was empty.

Dungeon Overview and Level Annotations

Branches:
Dungeon (5/15)
 Temple: D:4-7

Altars:
Ashenzari
Zin

Shops:
D:3 !


Innate Abilities, Weirdness & Mutations

You are too large for most types of armour.
You have tough skin. (AC +1)
You are somewhat resistant to further mutation.


Message History

A large abomination comes into view.
The air fills with toxic fumes!
As you read the scroll labelled KEDECE NUNIPN, it crumbles to dust.
It was a scroll of poison.
The fire bat bites you.
You are engulfed in flames!
* * * LOW HITPOINT WARNING * * *
As you read the scroll of teleportation, it crumbles to dust.
You feel strangely unstable.
You feel the power of the Abyss delaying your translocation!
The fire bat bites you but does no damage.
The fire bat bites you.
* * * LOW HITPOINT WARNING * * *
You are engulfed in flames.
* * * LOW HITPOINT WARNING * * *
You barely miss the fire bat. The fire bat bites you.
* * * LOW HITPOINT WARNING * * *
You are engulfed in flames!
* * * LOW HITPOINT WARNING * * *
The fire bat is engulfed in poison gas.
The fire bat is poisoned.
The fire bat bites you but does no damage.
The fire bat is engulfed in poison gas.
The fire bat looks even sicker.
You feel much better.
You feel the effects of Trog's Hand fading.
The fire bat bites you but does no damage.
The fire bat is engulfed in poison gas.
The fire bat looks even sicker.
The fire bat is engulfed in poison gas.
The fire bat looks as sick as possible!
The fire bat is engulfed in poison gas.
The fire bat looks as sick as possible!
The fire bat bites you.
You are engulfed in flames.
* * * LOW HITPOINT WARNING * * *
The large abomination hits you!
* * * LOW HITPOINT WARNING * * *
It was a potion of brilliance.
You feel clever all of a sudden.
The fire bat is engulfed in poison gas.
The fire bat looks as sick as possible!
The fire bat bites you but does no damage.
The fire bat is engulfed in poison gas.
The fire bat looks as sick as possible!
The fire bat is engulfed in poison gas.
The fire bat looks as sick as possible!
The fire bat bites you.
* * * LOW HITPOINT WARNING * * *
You are engulfed in flames!
You die...

# #... .
∩..# . ..
..... ..
##.## ...#
#..#####
##..#@X#
#§3b####
#§§§§b# §.
##§§§§#§.. #
..§###§###..
.# ... ###..
... # ...
...#. . ..
.. .... ....
#.


You could see a large abomination, a neqoxec and 2 fire bats.

Vanquished Creatures
  Grinder (D:3)
  Sigmund (D:4)
  An ice beast (D:5)
  A centaur (D:4)
  A phantom (D:4)
  A howler monkey (D:4)
  3 hounds
  2 jellies
  An orc wizard (D:3)
  Natasha (thrice) (D:3)
  7 gnolls (D:2)
  3 adders
  An ufetubus (D:4)
  4 worms
  3 dart slugs
  5 orcs
  5 bats
  6 endoplasms
  5 giant cockroaches
  7 goblins
  5 hobgoblins
  8 kobolds
  A quokka (D:4)
  5 ball pythons
  A frilled lizard (D:2)
  A rat (D:1)
82 creatures vanquished.

Notes
Turn   | Place    | Note
-------+----------+-------------------------------------------
     0 | D:1      | fantasyman the Ogre Berserker began the quest for the Orb.
     0 | D:1      | Reached XP level 1. HP: 24/24 MP: 1/1
   426 | D:1      | Reached XP level 2. HP: 29/32 MP: 2/2
  1173 | D:2      | Found a faded altar of an unknown god.
  1184 | D:2      | Reached XP level 3. HP: 22/40 MP: 3/3
  1772 | D:2      | Identified the +5 spear of Weruesur {vorpal, Int+2}
  1971 | D:2      | Identified the +1 leather armour of Igiosa Keargh {-Tele
                  | +Inv rC+ Slay+2}
  1988 | D:2      | Reached skill level 5 in Fighting
  2010 | D:2      | Reached XP level 4. HP: 45/50 MP: 4/4
  2748 | D:3      | Reached skill level 1 in Armour
  2748 | D:3      | Reached XP level 5. HP: 54/59 MP: 5/5
  2826 | D:3      | Noticed Natasha
  2831 | D:3      | Killed Natasha
  2832 | D:3      | Reached skill level 1 in Polearms
  2864 | D:3      | Reached skill level 6 in Fighting
  2896 | D:3      | Noticed Grinder
  2907 | D:3      | Killed Grinder
  2908 | D:3      | Reached XP level 6. HP: 68/68 MP: 6/6
  2920 | D:3      | Reached ** piety under Trog
  2983 | D:3      | Reached skill level 7 in Fighting
  3038 | D:3      | Found Vihulask's Distillery.
  3052 | D:3      | Bought a potion of might for 44 gold pieces
  3052 | D:3      | Bought 2 potions of might for 88 gold pieces
  3079 | D:3      | Noticed Natasha
  3085 | D:3      | Killed Natasha
  3086 | D:3      | Reached XP level 7. HP: 73/78 MP: 7/7
  3318 | D:3      | Noticed Natasha
  3327 | D:3      | Killed Natasha
  3463 | D:4      | Identified a scroll of acquirement
  3463 | D:4      | Acquired 698 gold pieces
  3937 | D:4      | Reached skill level 8 in Fighting
  3955 | D:4      | Found a glowing silver altar of Zin.
  4259 | D:4      | Noticed Sigmund
  4267 | D:4      | Killed Sigmund
  4268 | D:4      | Reached skill level 9 in Fighting
  4268 | D:4      | Reached XP level 8. HP: 92/92 MP: 8/8
  4312 | D:4      | Found a broken altar of Ashenzari.
  4326 | D:4      | Saw a vision of the Swamp and the Snake Pit.
  4326 | D:4      | Noticed a guardian serpent
  4326 | D:4      | Noticed a shock serpent
  4326 | D:4      | Noticed a black mamba
  4326 | D:4      | Noticed a mana viper
  4326 | D:4      | Noticed a mana viper
  4370 | D:4      | Noticed a ghost crab
  4373 | D:4      | Noticed a naga warrior
  4402 | D:5      | Entered Level 5 of the Dungeon
  4682 | D:5      | Identified the +1 helmet of Analysis {rCorr}
  4719 | D:5      | Reached skill level 10 in Fighting
  5055 | Abyss:1  | Cast into level 1 of the Abyss (gnoll)
  5088 | Abyss:1  | Noticed a ynoxinul
  5130 | Abyss:2  | Gained mutation: You are somewhat resistant to further
                  | mutation. [a neqoxec]
  5144 | Abyss:2  | Slain by a fire bat

Illustrated notes

Levels and vault maps discovered:
D:1:      dpeg_arrival_simpleton_b, layout_basic
D:2:      kennysheep_big_flooded_room, layout_basic,
          ebering_ecumenical_altar_mist
D:3:      layout_rooms, serial_shops,
          nicolae_shop_temple_entry_statues_fountains, uniq_grinder,
          uniq_natasha
D:4:      layout_basic, grunt_ashenzari_visionary
          [grunt_ashenzari_visionary_swamp, grunt_ashenzari_visionary_snake],
          nicolae_overflow_crystal_walls, minmay_strange_pillars,
          chequers_serial_rivers_small_b, uniq_sigmund
D:5:      layout_cave_pods, minmay_temple_entry_wispy, chequers_arboretum
Abyss:2:  base:
D:3

Skill      XL: |  1  2  3  4  5  6  7  8 |
---------------+-------------------------+-----
Maces & Flails | 3 |  3.4
Dodging        | 3 |  3.1
Fighting       | 5 6 7 9 10 | 10.0
Armour         | 1 2 3 |  3.6
Polearms       | 2 3 |  3.0

Action                   |  1- 3 |  4- 6 |  7- 9 || total
-------------------------+-------+-------+-------++-------
Melee: Mace              |    55 |       |       ||    55
       Spear             |     5 |    62 |   121 ||   188
       Punch             |       |       |     2 ||     2
Invok: Berserk           |     1 |     2 |     1 ||     4
       Trog's Hand       |       |       |     1 ||     1
  Use: Scroll            |     3 |       |    10 ||    13
       Potion            |       |       |     2 ||     2
 Stab: Sleeping          |       |     1 |     1 ||     2
       Distracted        |       |       |     1 ||     1
Armor: Animal skin       |    21 |     8 |    17 ||    46
Dodge: Dodged            |    33 |    21 |    57 ||   111
